 Dungeon Crawl Stone Soup version 0.28-a0-1594-ga885d4b3d6 (webtiles) character file.

Game seed: 8295685139658203737

8758 hatsuma the Unseen (level 11, -1/56 HPs)
             Began as a Vine Stalker Brigand on Jan 20, 2022.
             Was a High Priest of Nemelex Xobeh.
             Succumbed to a cane toad's poison
             ... on level 1 of the Lair of Beasts on Jan 21, 2022.
             The game lasted 01:27:45 (9340 turns).

hatsuma the Unseen (Vine Stalker Brigand)           Turns: 9340, Time: 01:27:46

Health: -1/56      AC:  7    Str: 13    XL:     11   Next: 35%
Magic:  3/26       EV: 12    Int: 17    God:    Nemelex Xobeh [*****.]
Gold:   418        SH:  0    Dex: 21    Spells: 17/17 levels left

rFire   . . .      SeeInvis .   z - +2 dagger (elec)
rCold   . . .      Faith    .   (no shield)
rNeg    . . .      Spirit   +   x - +0 acid dragon scales
rPois   .          Reflect  .   (no helmet)
rElec   .          Harm     .   c - +0 cloak
rCorr   +          Rampage  .   (no gloves)
Will    +....                   (no boots)
Stlth   ++++++....              I - amulet of regeneration
HPRegen 1.78/turn               h - ring of magical power
MPRegen 0.20/turn               y - +6 ring of intelligence

@: lethally poisoned (-1 -> -14)
A: fangs 3, regeneration 1, magic shield, antimagic bite, no potion heal 2
a: Renounce Religion, Draw Escape, Draw Destruction, Draw Summoning, Triple
Draw, Deal Four, Stack Five


You were on level 1 of the Lair of Beasts.
You worshipped Nemelex Xobeh.
Nemelex Xobeh was extremely pleased with you.
You visited 2 branches of the dungeon, and saw 9 of its levels.

You collected 518 gold pieces.
You spent 100 gold pieces at shops.

Inventory:

Hand Weapons
 z - a +2 dagger of electrocution (weapon)
Missiles
 a - 3 throwing nets
 d - 14 poisoned darts (quivered)
 e - 2 curare-tipped darts
 w - a silver javelin
 C - 5 javelins
Armour
 c - a +0 cloak (worn)
 x - +0 acid dragon scales (worn)
 B - a scarf of invisibility
Jewellery
 f - a ring of fire
 h - a ring of magical power (left hand)
 y - a +6 ring of intelligence (right hand)
 F - a ring of resist corrosion
 G - a ring of see invisible
 I - an amulet of regeneration (around neck)
Wands
 v - a wand of flame (18)
 A - a wand of digging (1)
Scrolls
 b - a scroll of summoning
 i - a scroll of magic mapping
 j - 4 scrolls of vulnerability
 n - 3 scrolls of teleportation
 r - a scroll of blinking
 t - a scroll of enchant armour {unknown}
 u - a scroll of torment {unknown}
 D - a scroll of fog {unknown}
 H - a scroll of silence {unknown}
Potions
 g - 3 potions of mutation
 k - 2 potions of haste
 l - 3 potions of curing
 m - a potion of brilliance {unknown}
 p - a potion of lignification
 q - a potion of resistance
 s - a potion of might {unknown}
 E - a potion of flight {unknown}


   Skills:
 - Level 5.5 Fighting
 - Level 5.0 Short Blades
 - Level 5.2 Throwing
 - Level 2.2 Armour
 - Level 2.1 Dodging
 + Level 16.6 Stealth
 - Level 3.8 Spellcasting
 - Level 3.1 Invocations
 - Level 2.7 Evocations


You had 17 spell levels left.
You didn't know any spells.
Your spell library contained the following spells:

 Spells                   Type           Power      Damage    Failure   Level
 Slow                     Hex            12%        N/A       24%         1
 Confusing Touch          Hex            3%         N/A       56%         3
 Vampiric Draining        Necr           3%         2d6       56%         3


Dungeon Overview and Level Annotations

Branches:
Dungeon (8/15)             Temple (0/1) D:7            Lair (1/6) D:8

Altars:
Dithmenos
Fedhas
Nemelex Xobeh
Ru
Yredelemnul
The Shining One

Shops:
D:3 !   D:6 (   D:7 :

Portals:
Abyss: D:3

Annotations:
D:3 2 transporters, Grognak's ghost, amateur MiBe
D:7 Dowan
D:8 3 runed translucent doors, hashsling's ghost, novice GrEE


Innate Abilities, Weirdness & Mutations

You have razor-sharp teeth.
Your natural rate of healing is unusually fast.
When hurt, damage is shared between your health and your magic reserves.
Your bite disrupts and absorbs the magic of your enemies.
Potions cannot restore your health.


Message History

The cane toad croaks.
The cane toad stings you!!
You hit the cane toad but do no damage.
You bite the cane toad, but do no damage.
You hit the cane toad but do no damage. The cane toad stings you.
You closely miss the cane toad. The cane toad stings you.
You are poisoned.
The cane toad poisons you!
Okay, then.
Throw: 15 darts (poison)
Press: ? - help, Q - select action, (/) - cycle Shift-Dir - straight line, f - cane toad
Aim: a cane toad (69% to hit)
You throw a poisoned dart. The poisoned dart hits the cane toad!
You feel very sick. The cane toad closely misses you.
You feel very sick.
You feel very sick. The cane toad stings you!
You are more poisoned.
The cane toad poisons you!
You feel very sick.
You draw a card...
You have drawn Vitriol.
Press: ? - help, Shift-Dir - straight line, f/p - cane toad
Aim: a cane toad The glob of acid hits the cane toad!!
The acid corrodes the cane toad!
The cane toad is severely wounded.
You feel very sick. The cane toad completely misses you.
You barely miss the cane toad.
The cane toad is severely wounded.
You feel very sick. The cane toad stings you!!
* * * LOW HITPOINT WARNING * * *
You are more poisoned.
The cane toad poisons you!
As you read the scroll of fear, it crumbles to dust.
You assume a fearsome visage.
The cane toad looks frightened!
You die...
Your body glows with a rainbow of weird colours and disappears.

#.................#
#.####.##..##.###.#
#..# #............#
##.# #.##.#####Y...
#.# ##########....
#.## #YY.YY.. #..#
#####.# .
#.#####..##.#
#@F..(......#
#############


You could see a cane toad (fleeing, corroded).

Vanquished Creatures
  Harold (D:7)
  Joseph (D:7)
  A cane toad (Lair:1)
  3 unseen horrors (D:8)
  3 komodo dragons
  A hornet (D:8)
  A queen bee (D:8)
  7 yaks (Lair:1)
  2 basilisks (D:8)
  A wyvern (D:8)
  Eustachio (D:6)
  A steam dragon (D:4)
  A water moccasin (Lair:1)
  An acid dragon (D:6)
  Duvessa (D:7)
  A swamp drake (D:8)
  2 ice beasts
  A sky beast (D:7)
  A black bear (D:6)
  2 necrophages
  3 centaurs (D:8)
  2 ogres
  A tengu (D:7)
  A phantom (D:7)
  2 bullfrogs
  A scorpion (D:6)
  A wight (D:8)
  A centaur zombie (D:5)
  A bullfrog zombie (D:7)
  A jelly (D:7)
  An orc priest (D:8)
  3 hounds
  A bullfrog skeleton (D:5)
  3 centaur skeletons
  2 orc wizards (D:8)
  5 iguanas
  Natasha (D:3)
  A howler monkey zombie (D:8)
  7 gnolls
  A howler monkey skeleton (D:5)
  7 adders
  A shadow imp (D:5)
  A white imp (D:8)
  2 ufetubi
  A worm (D:5)
  3 dart slugs
  6 orcs
  6 ball pythons
  5 bats
  6 endoplasms
  3 giant cockroaches
  7 goblins
  9 hobgoblins
  7 jackals (D:1)
  2 quokkas
  2 frilled lizards
  12 kobolds
  2 rats
154 creatures vanquished.

Vanquished Creatures (collateral kills)
  A cane toad (Lair:1)
  Maggie (D:6)
  Grinder (D:6)
  2 wyverns
  2 yaks (Lair:1)
  An ufetubus (D:7)
8 creatures vanquished.

Vanquished Creatures (others)
  5 fungi (Lair:1)
  9 plants (Lair:1)
14 creatures vanquished.

Grand Total: 176 creatures vanquished

Notes
Turn   | Place    | Note
-------+----------+-------------------------------------------
     0 | D:1      | hatsuma the Vine Stalker Brigand began the quest for the
                  | Orb.
     0 | D:1      | Reached XP level 1. HP: 11/11 MP: 2/2
    63 | D:1      | Reached skill level 1 in Dodging
    64 | D:1      | Reached skill level 5 in Stealth
   102 | D:1      | Reached XP level 2. HP: 15/15 MP: 3/3
   572 | D:1      | Reached XP level 3. HP: 16/18 MP: 4/4
   774 | D:1      | Found a faded altar of an unknown god.
   777 | D:1      | Prayed at the altar of an unknown god.
   777 | D:1      | Became a worshipper of Nemelex Xobeh the Trickster
   777 | D:1      | Reached * piety under Nemelex Xobeh
   850 | D:1      | Received a gift from Nemelex Xobeh
   904 | D:1      | Reached skill level 6 in Stealth
  1582 | D:2      | Gained mutation: Your natural rate of healing is unusually
                  | fast. [Vine Stalker growth]
  1582 | D:2      | Reached XP level 4. HP: 17/23 MP: 5/5
  2008 | D:2      | Reached skill level 7 in Stealth
  2026 | D:2      | Reached ** piety under Nemelex Xobeh
  2298 | D:3      | Noticed a small abomination
  2299 | D:3      | Noticed a small abomination
  2303 | D:3      | Found a transporter.
  2340 | D:3      | Found Akaoziuss's Distillery.
  2349 | D:3      | Bought a potion of haste for 100 gold pieces
  2591 | D:3      | Noticed Natasha
  2606 | D:3      | Killed Natasha
  2607 | D:3      | Reached skill level 1 in Spellcasting
  2607 | D:3      | Reached XP level 5. HP: 16/26 MP: 8/8
  2702 | D:3      | Received a gift from Nemelex Xobeh
  2929 | D:3      | Found a transporter.
  2935 | D:3      | Found a one-way gate to the infinite horrors of the Abyss.
  2935 | D:3      | Noticed Grognak's ghost (amateur MiBe)
  3062 | D:4      | Reached *** piety under Nemelex Xobeh
  3071 | D:4      | Found a glowing golden altar of the Shining One.
  3123 | D:4      | Noticed a steam dragon
  3129 | D:4      | Killed a steam dragon
  3130 | D:4      | Reached XP level 6. HP: 30/30 MP: 12/12
  3480 | D:5      | Entered Level 5 of the Dungeon
  3602 | D:5      | Found a sacrificial altar of Ru.
  3741 | D:5      | Reached XP level 7. HP: 35/35 MP: 13/13
  3761 | D:5      | Received a gift from Nemelex Xobeh
  3804 | D:5      | Reached **** piety under Nemelex Xobeh
  3821 | D:5      | Reached skill level 8 in Stealth
  4189 | D:5      | Reached skill level 9 in Stealth
  4224 | D:5      | Noticed a wyvern
  4224 | D:5      | a sky beast changed into a wyvern
  4235 | D:5      | Killed a wyvern
  4867 | D:6      | Found a shadowy altar of Dithmenos.
  4869 | D:6      | Received a gift from Nemelex Xobeh
  5025 | D:6      | Gained mutation: You have razor-sharp teeth. [Vine Stalker
                  | growth]
  5025 | D:6      | Reached XP level 8. HP: 39/39 MP: 14/14
  5106 | D:6      | Found Xemil's Firing Range.
  5119 | D:6      | Upgraded the game from 0.28-a0-1567-g1695149f81 to
                  | 0.28-a0-1594-ga885d4b3d6
  5125 | D:6      | Noticed Maggie
  5207 | D:6      | Reached skill level 10 in Stealth
  5230 | D:6      | Noticed Eustachio
  5242 | D:6      | Killed Eustachio
  5530 | D:6      | Received a gift from Nemelex Xobeh
  5571 | D:6      | Reached skill level 11 in Stealth
  5578 | D:6      | Found a basalt altar of Yredelemnul.
  5650 | D:6      | Reached XP level 9. HP: 44/44 MP: 15/15
  5699 | D:6      | Noticed Grinder
  5709 | D:6      | Killed Maggie
  5710 | D:6      | Reached skill level 12 in Stealth
  5717 | D:6      | Killed Grinder
  6148 | D:7      | HP: 1/44 [wyvern (9)]
  6151 | D:7      | Reached skill level 13 in Stealth
  6288 | D:7      | Found Dudyiclo's Self-Improvement Boutique.
  6493 | D:7      | Found a staircase to the Ecumenical Temple.
  6544 | D:7      | Reached ***** piety under Nemelex Xobeh
  6644 | D:7      | Noticed Dowan
  6646 | D:7      | Noticed Duvessa
  6748 | D:7      | Noticed Harold
  6750 | D:7      | Killed Harold
  6751 | D:7      | Reached skill level 5 in Fighting
  6751 | D:7      | Reached XP level 10. HP: 51/51 MP: 16/16
  6784 | D:7      | Noticed Joseph
  6881 | D:7      | Killed Duvessa
  6975 | D:7      | Killed Joseph
  7258 | D:8      | Found a runed translucent gate.
  7258 | D:8      | Found a runed translucent gate.
  7258 | D:8      | Received a gift from Nemelex Xobeh
  7259 | D:8      | Found a runed translucent gate.
  7261 | D:8      | Noticed hashsling's ghost (novice GrEE)
  7323 | D:8      | Found a blossoming altar of Fedhas.
  7335 | D:8      | Reached skill level 1 in Evocations
  7418 | D:8      | Killed an unseen horror
  7421 | D:8      | Killed an unseen horror
  7432 | D:8      | Killed an unseen horror
  7433 | D:8      | Reached skill level 14 in Stealth
  7561 | D:8      | Reached skill level 15 in Stealth
  8025 | D:8      | Found a staircase to the Lair.
  8048 | D:8      | Reached skill level 16 in Stealth
  8048 | D:8      | Reached XP level 11. HP: 56/56 MP: 17/17
  8327 | D:8      | Received a gift from Nemelex Xobeh
  8675 | Lair:1   | Entered Level 1 of the Lair of Beasts
  8764 | Lair:1   | Reached skill level 5 in Short Blades
  8857 | Lair:1   | Reached skill level 5 in Throwing
  9340 | Lair:1   | Succumbed to a cane toad's poison

Illustrated notes

Levels and vault maps discovered:
D:1:      ebering_trefoil_3fold, layout_basic,
          hellmonk_ecumenical_altar_inner_sanctum, minmay_distorted
D:2:      layout_loops_ring, kennysheep_small_spiral
D:3:      layout_basic, gammafunk_ghost_abyssal_escape, serial_shops, shop,
          chequers_serial_rivers_large_b, uniq_natasha
D:4:      layout_cave_pools, mainiacjoe_overflow_catwalk
D:5:      layout_gridville, lemuel_crystal_altar, minmay_misc_feat_more_columns
D:6:      layout_loops_corners, marbit_many_paths,
          grunt_dithmenos_smoke_and_mirrors, nicolae_shop_firing_range,
          uniq_maggie, uniq_grinder, uniq_eustachio
D:7:      layout_basic, minmay_temple_entry_poolview, nicolae_shop_self_help,
          uniq_duvessa, uniq_joseph, uniq_harold
D:8:      layout_loops_ring, fedhas_ov_isle_minmay, erik_lair_dragon,
          ebering_ghost_rock_garden, minmay_circle_x
Lair:1:   minmay_guarded_unrand_snakebite, layout_loops_ring, grunt_megastairs_2

Skill      XL: |  1  2  3  4  5  6  7  8  9 10 11 |
---------------+----------------------------------+-----
Dodging        | 1 2 |  2.1
Stealth        | 5 6 7 9 11 13 16 | 16.6
Fighting       | 2 3 5 |  5.5
Short Blades   | 2 3 4 5 |  5.0
Throwing       | 2 3 4 5 |  5.2
Spellcasting   | 1 3 |  3.8
Invocations    | 2 3 |  3.1
Armour         | 2 |  2.2
Evocations     | 2 |  2.7

Action                   |  1- 3 |  4- 6 |  7- 9 | 10-12 || total
-------------------------+-------+-------+-------+-------++-------
Melee: Dagger            |    81 |    94 |   162 |   172 ||   509
       Bite              |    17 |    25 |    51 |    73 ||   166
       Punch             |     1 |       |     2 |       ||     3
Throw: Dart              |     1 |     3 |     9 |     7 ||    20
Invok: Draw Destruction  |     2 |       |     9 |     9 ||    20
       Draw Escape       |       |       |     3 |       ||     3
       Draw Summoning    |       |       |     4 |     4 ||     8
  Use: Scroll            |       |     6 |     3 |     2 ||    11
 Stab: Sleeping          |    12 |    19 |    17 |     7 ||    55
       Distracted        |       |     1 |       |     3 ||     4
Armor: Robe              |    10 |     3 |       |       ||    13
       Leather armour    |       |    12 |       |       ||    12
       Ring mail         |       |     6 |    16 |       ||    22
       Acid dragon scale |       |       |    36 |    35 ||    71
Dodge: Dodged            |    35 |    47 |    74 |    59 ||   215

Table legend: (Time is in decaauts)
 A = Elapsed time spent in this place.
 B = Non-inter-level travel time spent in this place.
 C = Inter-level travel time spent in this place.
 D = Time resting spent in this place.
 E = Time spent auto-exploring this place.
 F = Levels seen in this place.
 G = Mean time per level.
                   A        B        C        D        E       F      G
               +--------+--------+--------+--------+--------+-----+--------+
         Total |   9292 |   8437 |    855 |   1299 |   3566 |   9 | 1032.4 |
       Dungeon |   8649 |   7800 |    849 |   1164 |   3566 |   8 | 1081.1 |
          Lair |    643 |    637 |      6 |    135 |      0 |   1 |  643.0 |
               +--------+--------+--------+--------+--------+-----+--------+

Top non-repeatable levels by time:
     D:8: 1410 daAuts
     D:5: 1377 daAuts
     D:1: 1281 daAuts
     D:6: 1222 daAuts
     D:7: 1141 daAuts
     D:2: 901 daAuts
     D:3: 836 daAuts
  Lair:1: 643 daAuts
     D:4: 479 daAuts
